[Event "FIDE World School-ch O-15 2025"]
[Site "Vrnjacka Banja"]
[Date "2025.03.24"]
[Round "5.1"]
[White "Tabatadze, Erekle"]
[Black "Kabinazar, Nurmukhammed"]
[Result "1/2-1/2"]
[Annotator "TA"]
[ECO "E46"]
[WhiteElo "2180"]
[BlackElo "2057"]
[PlyCount "239"]
[EventDate "2025.03.19"]
[EventType "swiss"]
[EventCountry "SRB"]
[SourceTitle "playchess.com"]
[Source "ChessBase"]
[SourceQuality "1"]
[TimeControl "5400+30"]

1. d4 Nf6 2. c4 e6 3. Nc3 Bb4 4. e3 O-O 5. Nge2 d5 6. a3 Bd6 7. c5 Be7 8. f4 {[%emt 0:03:44] E46: Nimzo-Indian: Rubinstein: 4 e3 0-0 5 Ne2 without early Bd3.} c6 9. Ng3 Nbd7 10. Bd3 {[%emt 0:02:49] Black has an edge.} a5 11. Bd2 b6 12. b4 Bb7 $146 ({Predecessor:} 12... Ba6 13. Bxa6 Rxa6 14. O-O Qa8 15. Rb1 axb4 16. axb4 Qb7 17. Nh5 Nxh5 18. Qxh5 f5 {½-½ Richardson,J (2298)-Emms,J (2484) BCF-chT1a 0910 (4NCL) 2009 (6.3)}) 13. O-O Qc7 14. Qe2 Rfb8 15. e4 dxe4 16. Ncxe4 axb4 17. axb4 Rd8 18. Rxa8 Rxa8 19. Ng5 Nf8 20. f5 Bc8 21. fxe6 Bxe6 22. Nh5 Ra2 (22... Qd8 $11 {keeps the balance.}) 23. Nxe6 $16 Nxe6 (23... fxe6 $16 {was called for.} 24. Bc4 Rb2) 24. Bc4 $1 $18 Rxd2 25. Nxf6+ Bxf6 26. Qxd2 Bxd4+ 27. Kh1 bxc5 28. bxc5 (28. Qa2 $18 Qc8 29. Re1) 28... Bxc5 $16 29. Qa2 (29. Bxe6 $16 fxe6 30. Re1) 29... Nd8 $14 30. Re1 {[%emt 0:05:21][%mdl 1024] White has compensation.} Be7 31. Qe2 Bf8 32. Qe8 Nb7 33. Rd1 $1 {[%emt 0:00:48] White has more active pieces.} Qf4 34. Bxf7+ Qxf7 35. Qxf7+ Kxf7 36. Rd7+ Ke6 37. Rxb7 {[%emt 0:00:08][%mdl 4096] Endgame KR-KB} c5 38. Kg1 Be7 39. Kf2 Bf6 40. Ke3 c4 41. Ke4 Kd6 42. Rb5 h6 43. Rd5+ Kc6 44. g3 c3 45. Rd1 $1 Kc5 46. Kd3 Kd5 47. Rf1 Ke6 48. Rf4 Kd5 49. Rc4 Be5 50. Rc8 Bf6 {[%emt 0:00:05] [#]} 51. Rb8 $1 Be5 52. Rb5+ Kd6 53. Ra5 Bf6 54. Rf5 Be5 55. Rf2 Kd5 56. Rf8 Bf6 57. Re8 Be5 58. Rd8+ Kc6 59. Kc2 Kc5 60. Rd7 Kc6 61. Rd3 Kc5 62. Re3 Bd4 63. Re1 Kd5 64. Kd3 Bf6 65. h4 ({Better is} 65. g4 $16) 65... Be5 66. Re3 Bf6 (66... h5 $11) 67. Rf3 $16 Ke5 68. Rf2 (68. Kxc3 $2 {is the wrong capture.} Ke4+ 69. Kc4 Kxf3 $19) (68. h5 $16) 68... Kd5 (68... h5 $11) 69. Rf5+ Kd6 70. Ra5 Kc6 71. Kc4 Kd6 {[%emt 0:00:35] [#] Hoping for ...c2.} 72. Ra6+ (72. Kb3 $1 $16) 72... Ke5 $11 73. Kxc3 (73. Kd3 {keeps more tension.} Kf5 74. Ra4 h5 75. Rf4+) 73... Kf5+ 74. Kd3 Kg4 75. Ra4+ Kxg3 76. h5 Kf3 77. Rc4 Bg5 78. Re4 Bf6 79. Rb4 Bg5 80. Rb1 Bf6 81. Rg1 Kf4 82. Kc4 Ke4 83. Re1+ Kf4 84. Kd5 Kg4 85. Rh1 Kg5 86. Ke6 Bc3 87. Rc1 Bf6 88. Rc5+ Kg4 89. Kf7 Bb2 90. Kg6 Ba1 91. Rc4+ Kg3 92. Kf5 Kh3 93. Rg4 Bb2 94. Kf4 Bd4 95. Kf3 Bf6 96. Re4 (96. Rg1 $5 Kh4 $8 97. Rh1+ Kg5 98. Ke4 $14) 96... Bc3 97. Rf4 Bf6 98. Rc4 Be7 99. Rf4 Bf6 100. Ke4 Bb2 101. Kf5 Ba1 102. Rf1 Bb2 103. Kf4 Bf6 104. Rh1+ Kg2 105. Re1 Kh3 106. Re2 Bg5+ {[%emt 0:00:59] The position is equal.} 107. Kf3 Bf6 108. Kf4 (108. Re1 $5 Kh4 $8 109. Rh1+ Kg5 110. Ke4 $16) 108... Bg5+ 109. Kf5 Bf6 110. Re1 Kg3 111. Kg6 Kg4 112. Rb1 Kh4 113. Rb4+ Kg3 114. Kh7 Kh3 115. Rf4 {[%emt 0:00:20][%cal Of4f6] Intending Rxf6! and mate.} Bb2 116. Rc4 Bf6 117. Kg6 Kg3 118. Rc7 {[%emt 0:00:17] Strongly threatening Rxg7.} Kg4 119. Rb7 Kh4 120. Rb8 {[%emt 0:00:18] Black defended with fortune.   Weighted Error Value: White=0.08 (flawless) /Black=0.11 (very precise)   Mistake:       	White=5     	Black=4      Inaccurate:     	White=5     	Black=6      OK:         	White=37    	Black=37     Best:        	White=2     	Black=7      Strong:       	White=4     	---} 1/2-1/2

[Event "FIDE World School-ch O-15 2025"]
[Site "Vrnjacka Banja"]
[Date "2025.03.24"]
[Round "5.2"]
[White "Scheglov, Gleb"]
[Black "Kim, Yejun"]
[Result "1-0"]
[Annotator "TA"]
[ECO "A62"]
[WhiteElo "2306"]
[BlackElo "1798"]
[PlyCount "81"]
[EventDate "2025.03.19"]
[EventType "swiss"]
[EventCountry "SRB"]
[SourceTitle "playchess.com"]
[Source "ChessBase"]
[SourceQuality "1"]
[TimeControl "5400+30"]

1. d4 Nf6 2. c4 c5 3. d5 e6 4. Nf3 exd5 5. cxd5 d6 6. Nc3 g6 7. g3 Bg7 8. Bg2 O-O 9. O-O a6 10. a4 Re8 11. Re1 {[%emt 0:00:05] A62: Modern Benoni: Fianchetto Variation without early ...Nbd7.} Qc7 12. a5 Nbd7 13. Bf4 {[%emt 0:06:29] White is slightly better.} Nh5 14. Bd2 Ne5 ({Better is} 14... Rb8 $14) 15. Nxe5 $16 Rxe5 $146 {[%emt 0:00:43] [#]} (15... Bxe5 16. Qb3 Bd7 17. Bf3 Ng7 18. Kg2 Nf5 19. e3 Qc8 20. Na4 Bxa4 21. Rxa4 Rb8 {1-0 Lukachewski Junior,W (2055)-Oliveira,T (2010) Titled Tuesday intern op 26th Nov Late blitz 2024 (8)}) 16. Na4 $1 Bd7 17. Nb6 Rae8 18. Rc1 f5 (18... Bb5 $16) 19. b4 $18 Bb5 20. bxc5 Rxe2 21. Rxe2 Rxe2 (21... Bxe2 22. cxd6 Qxd6) 22. Bf3 Re8 23. Bb4 Bh6 24. Bd2 (24. cxd6 $2 Qxc1 25. Qxc1 Bxc1 $19) (24. Rc2 $18) 24... Bxd2 $4 (24... Bg7 $1 $11) 25. Qxd2 {[%emt 0:00:02] [#]} Nf6 26. Kg2 (26. c6 $18 {and White stays clearly on top.}) 26... Nd7 (26... Ne4 $16 {was worth a try.} 27. cxd6 Qxd6 28. Bxe4 Rxe4) 27. Nxd7 Qxd7 (27... Bxd7 $142 28. c6 bxc6) 28. c6 Qg7 29. Qf4 bxc6 30. dxc6 Qc7 31. Qd4 {[%emt 0:02:39] Strongly threatening Bd5+.} Re5 (31... h5 $142 32. h4 Kh7) 32. Qb6 Re7 33. Qd4 (33. h4 $142) 33... Re5 $1 34. Bd5+ Kf8 35. f4 Re2+ 36. Kh3 {[%emt 0:02:36] Threatening mate with Qh8+.} Ke8 37. Qh8+ {[%emt 0:00:17] White mates.} Ke7 38. Qxh7+ Kd8 39. Qh4+ Qe7 40. c7+ Kc8 41. Qxe7 {[%emt 0:00:40] Weighted Error Value: White=0.69/Black=0.88  Loses game:     	---       	Black=1      Missed win:     	White=1     	---        Mistake:       	White=1     	Black=6      Inaccurate:     	White=1     	---        OK:         	White=8     	Black=4      Best:        	White=4     	---        Strong:       	White=1     	Black=1} 1-0

[Event "FIDE World School-ch O-15 2025"]
[Site "Vrnjacka Banja"]
[Date "2025.03.24"]
[Round "5.3"]
[White "Talgatov, Nazar"]
[Black "Ashikmamutov, Saidkhon"]
[Result "1-0"]
[Annotator "TA"]
[ECO "C60"]
[WhiteElo "2083"]
[BlackElo "1978"]
[PlyCount "67"]
[EventDate "2025.03.19"]
[EventType "swiss"]
[EventCountry "SRB"]
[SourceTitle "playchess.com"]
[Source "ChessBase"]
[SourceQuality "1"]
[TimeControl "5400+30"]

1. e4 e5 2. Nf3 Nc6 3. Bb5 a6 4. Ba4 Nge7 5. O-O g6 6. c3 Bg7 7. d4 exd4 8. cxd4 b5 {[%emt 0:00:08] C60: Ruy Lopez: Unusual Black 3rd moves and 3...g6.} 9. Bb3 O-O 10. Nc3 d6 {[%emt 0:02:37] The position is equal.} 11. h3 h6 12. d5 Na5 13. Be3 Nxb3 $146 (13... c5 14. dxc6 Nxb3 15. axb3 Nxc6 16. Nd5 Be6 17. Qd2 Kh7 18. Rfc1 Bxd5 19. exd5 Ne7 {½-½ Movsesian,S (2646)-Stevic,H (2541) CRO-chT Rabac 2004 (1.1)}) 14. axb3 Bb7 15. Qd2 Kh7 16. Bd4 f6 17. Rac1 c5 18. dxc6 Bxc6 19. Rfe1 b4 {[%emt 0:10:02][%csl Oa6,Od6] Black has weak pawns} 20. Na4 Rb8 {[%emt 0:00:07] Wards off Bb6} 21. Qe3 {[%emt 0:12:12] White has more active pieces.} Be8 $2 {[%emt 0:10:14] [#] Loses the game.} (21... h5 $14) 22. Bb6 $1 $18 Qd7 23. Rc7 {[%emt 0:02:11] Inhibits Rb7.} Qe6 24. Nd4 {[%emt 0:01:51] Dodges Nc6} Qf7 {[%emt 0:00:01] [#]} 25. Ba5 $1 Bb5 (25... Rc8 $142 26. Rb7 Bxa4) 26. Nb6 Rfe8 27. Qf3 Qg8 28. Rd1 Nc8 $2 (28... Rbd8 29. Bxb4 Rb8) 29. Nd5 {[%emt 0:00:47] White is clearly winning.} Kh8 30. Nxf6 {[%emt 0:01:35] A dynamic duo of knights.} Qf8 31. Nxe8 Qxe8 32. Bxb4 Bd7 33. Bc3 {[%emt 0:00:25][%cal Od4e6] Threatens to win with Ne6!.} d5 {[%emt 0:00:00] [#]} 34. Ne6 $1 {[%emt 0:00:55] Weighted Error Value: White=0.08 (flawless) /Black=0.78  Loses game:     	---       	Black=1      Mistake:       	---       	Black=2      Inaccurate:     	White=3     	Black=4      OK:         	White=9     	Black=11     Best:        	White=1     	---        Strong:       	White=2     	---} 1-0

[Event "FIDE World School-ch O-15 2025"]
[Site "Vrnjacka Banja"]
[Date "2025.03.24"]
[Round "5.4"]
[White "Yessengali, Adizhan"]
[Black "Harabor, David-Alexandru"]
[Result "1-0"]
[Annotator "TA"]
[ECO "E09"]
[WhiteElo "1955"]
[BlackElo "1989"]
[PlyCount "75"]
[EventDate "2025.03.19"]
[EventType "swiss"]
[EventCountry "SRB"]
[SourceTitle "playchess.com"]
[Source "ChessBase"]
[SourceQuality "1"]
[TimeControl "5400+30"]

1. d4 Nf6 2. c4 e6 3. Nf3 d5 4. g3 c6 5. Bg2 Nbd7 6. Nbd2 Be7 7. O-O O-O 8. Qc2 Re8 9. Rd1 b6 10. e4 dxe4 11. Nxe4 Nxe4 12. Qxe4 Bb7 13. Bf4 Nf6 {[%emt 0:03:30] E09: Closed Catalan: Main Line: 7 Qc2 c6 8 Nbd2.} 14. Qc2 Qc8 15. c5 Nd5 {[%emt 0:08:58] White is slightly better.} 16. Bd2 Qc7 $146 ({Predecessor:} 16... Ba6 17. Re1 bxc5 18. dxc5 Bf6 19. a3 Qb8 20. Rab1 h6 21. b4 Qc7 22. Bc1 Rad8 {1-0 Haba,P (2570)-Lehner,O (2420) Vienna op 13th 1998}) 17. b4 Bf6 18. Re1 Rad8 19. Rad1 Re7 20. Ng5 Bxg5 21. Bxg5 f6 (21... Nxb4 22. Qb3 bxc5 23. Bxe7 (23. dxc5 Nd5 $18) 23... Qxe7 24. dxc5) 22. Bd2 e5 23. dxe5 Rxe5 24. Rxe5 Qxe5 {[%emt 0:06:19] [#]} 25. Bf4 $1 Qe7 (25... Qh5 26. cxb6) 26. Bd6 {[%emt 0:07:22] A strong pair of Bishops.} Qf7 {[%emt 0:00:19] [#]} (26... Qe6 $16) 27. Qb3 (27. b5 $1 $18 {and the rest is easy.}) 27... Ne7 28. Qa4 {[%emt 0:01:12] White has more active pieces.} (28. Bxe7 Rxd1+ 29. Qxd1 Qxe7 $11) 28... Nd5 29. Qxa7 bxc5 {[%emt 0:00:32] [#]} 30. bxc5 $40 {[%emt 0:08:38][%mdl 128] White is out for blood.} ({Don't take} 30. Bxc5 Ra8 31. Bxd5 cxd5 $14) ({White should play} 30. b5 $1 {[%cal Rb5c6] Strongly threatening bxc6.} Nc3 31. Qa5 (31. bxc6 Bxc6 32. Qb6 Ne2+ 33. Kh1 Bxg2+ 34. Kxg2 Qd7 $11) 31... Ne2+ 32. Kf1) 30... Nc3 $2 {[%emt 0:00:33][%mdl 8192] Black cannot hold the game after this.} (30... Ra8 $16 {is a better chance.} 31. Bxd5 cxd5) 31. Re1 $18 {[%emt 0:01:48] White is clearly winning.} Ra8 32. Qb6 Na4 33. Qb4 Qd7 {[%emt 0:00:37] Black is weak on the dark squares} 34. Re7 Qc8 35. Qxb7 Qxb7 36. Rxb7 Nc3 37. Rb8+ Rxb8 38. Bxb8 {[%emt 0:00:02] Weighted Error Value: White=0.20 (precise) /Black=0.55  Loses game:     	---       	Black=1      Mistake:       	White=2     	Black=1      Inaccurate:     	---       	Black=4      OK:         	White=7     	Black=3      Best:        	White=1     	Black=1} 1-0

[Event "FIDE World School-ch O-15 2025"]
[Site "Vrnjacka Banja"]
[Date "2025.03.24"]
[Round "5.5"]
[White "Khaleev, Timofey D"]
[Black "Urangoo, Gurvanbaatar"]
[Result "1-0"]
[Annotator "TA"]
[ECO "B92"]
[WhiteElo "1919"]
[BlackElo "1982"]
[PlyCount "71"]
[EventDate "2025.03.19"]
[EventType "swiss"]
[EventCountry "SRB"]
[SourceTitle "playchess.com"]
[Source "ChessBase"]
[SourceQuality "1"]
[TimeControl "5400+30"]

1. e4 c5 2. Nf3 d6 3. d4 cxd4 4. Nxd4 Nf6 5. Nc3 a6 6. Be2 e5 7. Nb3 Be7 8. Bg5 Be6 9. Bxf6 Bxf6 10. Qd3 Nc6 11. O-O-O {[%emt 0:00:34] B92: Sicilian Najdorf: 6 Be2.} Nd4 12. Nxd4 exd4 13. Nd5 {[%emt 0:00:08] The position is equal.} Bxd5 14. exd5 O-O {[%emt 0:02:07] [#]} 15. h4 $1 Qa5 $146 (15... Bxh4 16. g3 Bg5+ 17. f4) (15... Re8 16. Kb1) (15... Re8 16. Qf3 Rc8 17. Bd3 Re5 18. g4 g6 19. Kb1 Rc5 20. g5 Bg7 21. h5 Rxg5 22. hxg6 hxg6 {1-0 Ruiz Aguilar,P (2178)-Munoz Galvez,J (2318) Medellin Flores op 30th 2023 (3)}) 16. Kb1 Qb4 17. g4 Rfe8 18. a3 Qb6 19. g5 Be5 20. h5 Rac8 (20... Re7 $142 21. Bg4 Qb5) 21. g6 fxg6 (21... f5 $14) 22. hxg6 $16 h6 {[%emt 0:00:45] [#]} 23. Qf5 {[%emt 0:02:49] Really sharp!} (23. Bg4 $1 $16 Rc3 24. Qf5) 23... Qc7 {[%emt 0:16:23] Black is weak on the light squares} ({Black should try} 23... Rf8 $14 24. Qe6+ Kh8) 24. Bd3 {[%emt 0:06:31] White is much more active.} (24. Bg4 $16) 24... Qe7 (24... Rf8 $14 25. Qe6+ Kh8) 25. f4 $36 {[%emt 0:04:10][%mdl 2048] White has strong initiative.} Rf8 {[%emt 0:05:16] [#]} (25... Bf6 $16 {keeps fighting.} 26. Qg4 Kh8) 26. Qg4 $1 $18 Bf6 $2 (26... Bxf4 27. Bf5 Rxf5 28. Qxf5 Rf8) 27. Bf5 Rc4 28. Rdg1 Rd8 (28... Kh8 $142 29. Re1 Qd8) 29. Be6+ Kf8 30. Qf5 {[%emt 0:01:13][%cal Oh1h6] aiming for Rxh6!.} Ke8 {[%emt 0:01:20] [#]} (30... Qc7 $18 31. Rxh6 Ke7) 31. Rxh6 $1 {[%emt 0:02:00] White mates.} gxh6 {[%emt 0:00:23] [#]} 32. g7 $1 Bxg7 33. Qg6+ Kf8 34. Qh7 Qf6 35. Qg8+ Ke7 36. Rxg7+ {[%emt 0:00:04] Weighted Error Value: White=0.28 (precise) /Black=0.69  Mistake:       	White=2     	Black=8      Inaccurate:     	White=1     	Black=3      OK:         	White=9     	Black=3      Best:        	---       	Black=1      Strong:       	White=1     	---        Brilliant:      	White=1     	---} 1-0

[Event "FIDE World School-ch O-15 2025"]
[Site "Vrnjacka Banja"]
[Date "2025.03.24"]
[Round "5.6"]
[White "Cirkovic, Vuk"]
[Black "Dandeniya, D D L N"]
[Result "0-1"]
[Annotator "TA"]
[ECO "C41"]
[WhiteElo "1981"]
[BlackElo "1881"]
[PlyCount "70"]
[EventDate "2025.03.19"]
[EventType "swiss"]
[EventCountry "SRB"]
[SourceTitle "playchess.com"]
[Source "ChessBase"]
[SourceQuality "1"]
[TimeControl "5400+30"]

1. e4 d6 2. d4 Nf6 3. Nc3 e5 4. Nf3 Nbd7 5. g4 h6 6. Rg1 {[%emt 0:01:06] C41: Philidor Defence.} c6 7. Be3 b5 {[%emt 0:05:16] 7...Be7 deserves study.} 8. a3 {[%emt 0:02:00] The position is equal.} a6 9. h4 exd4 10. Nxd4 {[%emt 0:20:21][%cal Og4g5,Bf3d4,Bd4b3,Bb3d2,Bd2e4][%mdl 32] [#]} Ne5 11. f3 $146 (11. Be2 c5 12. Nf5 g6 13. g5 hxg5 14. hxg5 gxf5 15. gxf6 fxe4 16. Nxe4 Bb7 17. Bf3 {0-1 Nasuta,G (2579)-Khismatullin,D (2579) Wch Blitz Samarkand 2023 (11)}) 11... c5 12. Nb3 {[%emt 0:08:25] g5 is the strong threat.} Nc4 13. Bxc4 bxc4 14. Nd2 Be6 (14... d5) 15. Qe2 (15. f4 $16) 15... d5 $14 16. exd5 Nxd5 17. Nxd5 (17. Nxc4 Nxc3 (17... Qxh4+ 18. Bf2 $11) 18. bxc3 Qxh4+ 19. Bf2 Qf6 $15) 17... Qxd5 18. Ne4 {[%emt 0:00:56] Black should prevent Bd2.} (18. O-O-O c3 19. Nb3 Qc6 $11) 18... Be7 19. Bf2 (19. Qh2 $14) 19... O-O $11 20. Rd1 Qc6 21. Bg3 (21. g5 $11) 21... Bd5 $17 22. Kd2 Rfe8 ({Black should try} 22... Bxe4 $17 23. fxe4 Qb6 24. Qxc4 (24. Kc1 $2 c3 $19) 24... Qxb2) 23. Kc1 ({Better is} 23. c3 $1 $15) 23... c3 $1 $19 24. Qd3 cxb2+ 25. Kb1 Red8 $36 {[%emt 0:01:03][%mdl 2048] White is under strong pressure.} 26. c4 $2 (26. Qe3 {is a better defense.}) 26... Be6 (26... Bxe4 $142 27. Qxe4 Qa4 28. Rxd8+ Rxd8) 27. Qc2 Rd4 28. Rxd4 $2 (28. Be5 Rxc4 29. Qxb2) 28... cxd4 {[%emt 0:00:02] Black is clearly winning.} 29. c5 Ra7 30. Kxb2 Rb7+ 31. Kc1 Rb3 32. Kd2 Rxf3 {[%emt 0:01:32][%cal Od4d3] [#]} 33. Re1 Rxa3 {[%emt 0:00:37][%cal Oe7d8] Threatens to win with ...Bd8!.} 34. Rb1 Ra2 (34... d3 $142 35. Qb2 Qxe4 (35... Bxc5 $2 36. Qb7 $19) (35... Ra2 $2 36. Qxa2 Bxa2 37. Re1 $19) 36. Qxa3 Qe2+ (36... Bxg4 37. Rb8+ Kh7 38. Qxd3 $17) 37. Kc3 Bf6+ (37... Bxg4 $2 38. Qb3 $19) 38. Be5 Bxe5+ 39. Kb4 d2 (39... Qxg4+ $2 40. Ka5 $19) 40. Qc3 Qb5+ (40... Bxc3+ $2 41. Kxc3 Qe1 42. Rxe1 $19) 41. Ka3 Qxb1 (41... Bxc3 {is a self mate.} 42. Rxb5 axb5 43. h5 d1=Q 44. c6 Qd6#) 42. Qf3 Qb2+ (42... d1=B 43. Qa8+ Kh7 44. Qh8+ Kxh8 45. h5 Qb3#) 43. Ka4 Qb5+ 44. Ka3 Bb2#) 35. Rb2 Rxb2 {[%emt 0:00:06] Weighted Error Value: White=1.32/Black=0.45  Mistake:       	White=6     	Black=3      Inaccurate:     	White=3     	Black=1      OK:         	White=7     	Black=7      Best:        	White=2     	Black=4      Strong:       	---       	Black=1} 0-1

[Event "FIDE World School-ch O-15 2025"]
[Site "Vrnjacka Banja"]
[Date "2025.03.24"]
[Round "5.7"]
[White "Mane, Arnav"]
[Black "Qusaiyn, Altynbek"]
[Result "1/2-1/2"]
[Annotator "TA"]
[ECO "B40"]
[WhiteElo "1748"]
[BlackElo "1972"]
[PlyCount "118"]
[EventDate "2025.03.19"]
[EventType "swiss"]
[EventCountry "SRB"]
[SourceTitle "playchess.com"]
[Source "ChessBase"]
[SourceQuality "1"]
[TimeControl "5400+30"]

1. e4 c5 2. Nf3 e6 3. c3 d5 4. e5 d4 5. Bd3 Nc6 6. O-O Nge7 7. Be4 {[%emt 0:00:06] B40: Sicilian: 2...e6, Unusual lines.} Bd7 (7... Ng6 $15) 8. Na3 Ng6 9. Nc2 $146 ({Predecessor:} 9. Re1 a6 10. d3 Rc8 11. cxd4 cxd4 12. Nc2 Qb6 13. Bxg6 hxg6 14. b3 Bb4 15. Bd2 {1-0 Bauer,C (2627)-Miladinovic,I (2607) EU-ch blitz Cannes 2006 (9)}) 9... Qc7 10. cxd4 cxd4 11. Ncxd4 Nxd4 12. Nxd4 Nxe5 13. d3 Ng6 (13... f5 $15 {keeps the upper hand.} 14. Bf3 Bc5) 14. Qb3 ({White should try} 14. Be3 $16) 14... Rb8 15. Be3 Bd6 16. Rfc1 Qa5 17. Qc3 ({Don't play} 17. Bxb7 Ne5 $11) (17. a4 $14) 17... Qh5 $2 {[%emt 0:02:38] [#]} (17... Qxc3 $11 18. bxc3 f5) 18. g3 $2 ({Only move:} 18. Nf3 $18) 18... O-O $11 19. Bf3 Qe5 20. Nb3 b6 21. Qxe5 Nxe5 22. Be2 Rbc8 23. d4 Ng6 {[%emt 0:00:46] Prevents Bf4} 24. Nd2 Ne7 25. Nc4 Bb8 {[%emt 0:00:25] Not much happening anymore} 26. Ne5 Rxc1+ 27. Rxc1 Bc8 28. Nc6 Nxc6 29. Rxc6 Bb7 30. Rc3 f6 31. Bc4 Kf7 32. f4 f5 33. Kf2 Bd6 34. Bb3 Ke7 35. Ke2 Rc8 36. Rxc8 Bxc8 {[%emt 0:00:01][%mdl 4096] Endgame KBB-KBB} 37. Kd3 Bb7 38. Kc4 Kd7 39. Kc3 Bc6 40. a3 Be7 41. Ba2 Kd6 42. b4 b5 43. Bb3 Bd5 44. Bd1 Kc6 45. Be2 h6 46. h4 a5 47. Bd1 axb4+ 48. axb4 Bc4 49. Bf3+ Kd6 50. Bg2 Bf6 51. Bf3 Ke7 52. Bh5 Kf8 53. Bf3 Be7 54. Bh5 Bd6 55. Bf3 g6 (55... g5 $5) 56. Bd1 Kg7 57. Bf3 g5 58. Bd1 Be7 (58... g4 $15) 59. hxg5 hxg5 {[%emt 0:00:05] Weighted Error Value: White=0.17 (very precise) /Black=0.18 (very precise)   Loses game:     	---       	Black=1      Missed win:     	White=1     	---        Mistake:       	White=2     	Black=3      Inaccurate:     	White=5     	Black=3      OK:         	White=17    	Black=15     Best:        	---       	Black=1} 1/2-1/2

[Event "FIDE World School-ch O-15 2025"]
[Site "Vrnjacka Banja"]
[Date "2025.03.24"]
[Round "5.8"]
[White "Tulendinov, Dinmukhammed"]
[Black "Rakic, Nikola V"]
[Result "1-0"]
[Annotator "NA RC"]
[ECO "B10"]
[WhiteElo "2173"]
[BlackElo "1894"]
[PlyCount "47"]
[EventDate "2025.03.19"]
[EventType "swiss"]
[EventCountry "SRB"]
[SourceTitle "playchess.com"]
[Source "ChessBase"]
[SourceQuality "1"]
[TimeControl "5400+30"]

1. e4 c6 2. c4 d5 3. exd5 cxd5 4. cxd5 Nf6 5. Qa4+ Nbd7 6. Nc3 g6 7. Nf3 Bg7 8. Bc4 O-O 9. d3 a6 10. Qa3 b6 11. O-O Bb7 12. Re1 Re8 13. Bg5 b5 14. Bb3 Nb6 15. d6 Qxd6 16. Ne5 Nfd5 17. Nxd5 Bxd5 18. Qxd6 exd6 19. Nd7 Bxb2 20. Nxb6 Bxa1 21. Rxa1 Bxb3 22. Nxa8 Bxa2 23. Nc7 Re2 24. Kf1 1-0